 Dungeon Crawl Stone Soup version 0.30-a0-728-gc68057be0a (webtiles) character file.

Game seed: 12921886754326295196

240 cforsyth the Shooter (level 6, -3/51 HPs)
             Began as a Barachi Hunter on Jan 31, 2023.
             Slain by Duvessa
             ... wielding a +0 short sword
              (12 damage)
             ... on level 4 of the Dungeon.
             The game lasted 00:06:22 (2820 turns).

cforsyth the Shooter (Barachi Hunter)               Turns: 2820, Time: 00:06:23

Health: -3/51      AC:  4    Str: 12 (13) XL:     6   Next: 8%
Magic:  6/6        EV: 12    Int:  9      God:
Gold:   154        SH:  0    Dex: 16 (17) Spells: 5/5 levels left

rFire   . . .      SeeInvis .    a - +0 shortbow
rCold   . . .      Faith    .    (shield currently unavailable)
rNeg    . . .      Spirit   .    c - +0 leather armour
rPois   .          Reflect  .    (helmet restricted)
rElec   .          Harm     .    (no cloak)
rCorr   .          Rampage  .    (no gloves)
Will    .....                    m - +0 pair of boots
Stlth   +                        (no amulet)
HPRegen 0.28/turn                (no ring)
MPRegen 0.10/turn                (no ring)

@: slow
A: amphibious, slowness 1, strong legs 1, +LOS, antennae 1, deterioration 1
a: Hop


You were on level 4 of the Dungeon.
You visited 1 branch of the dungeon, and saw 4 of its levels.

You collected 154 gold pieces.

Inventory:

Hand Weapons
 a - a +0 shortbow (weapon)
Armour
 c - a +0 leather armour (worn)
 m - a +0 pair of boots (worn)
Jewellery
 n - a +6 ring of strength
Scrolls
 b - a scroll of immolation
 g - 2 scrolls of silence {unknown}
 h - a scroll of magic mapping {unknown}
 j - a scroll of noise {unknown}
 k - a scroll of identify {unknown}
 o - 3 scrolls of enchant weapon {unknown}
 r - a scroll of fog {unknown}
 s - a scroll of teleportation {unknown}
Potions
 d - 3 potions of mutation
 e - a potion of might
 i - 2 potions of curing {unknown}
 l - a potion of ambrosia {unknown}
 p - a potion of lignification {unknown}
 q - a potion of haste {unknown}


   Skills:
 + Level 5.5 Fighting
 + Level 5.7 Ranged Weapons
 - Level 2.1 Dodging
 - Level 0.8 Stealth


You had 5 spell levels left.
You didn't know any spells.
Your spell library contained the following spells:

 Spells                   Type           Power      Damage    Failure   Level
 Apportation              Tloc           0%         N/A       45%         1
 Stone Arrow              Conj/Erth      0%         3d7       83%         3
 Animate Armour           Summ/Erth      0%         N/A       99%         4
 Lehudib's Crystal Spear  Conj/Erth      0%         10d2      100%        8


Dungeon Overview and Level Annotations

Branches:
Dungeon (4/15)
 Temple: D:4-7

Altars:
Kikubaaqudgha
Sif Muna
Vehumet

Shops:
D:4 [

Annotations:
D:4 Dowan, Duvessa


Innate Abilities, Weirdness & Mutations

You are amphibious.
You cover ground slowly.
You can hop short distances.
You have an extended range of vision and can be seen from far away.
You have a pair of small antennae on your head.
Your body sometimes deteriorates upon taking damage.


Message History

Duvessa hits you with a +0 short sword.
Dowan gestures wildly while chanting.
Dowan blinks!
Duvessa barely misses you.
Found 7 stones.
Duvessa hits you with a +0 short sword. Duvessa attacks as you move away!
Duvessa hits you with a +0 short sword! x2
Your body deteriorates!
You feel clumsy. Duvessa closely misses you.
Duvessa hits you with a +0 short sword. Duvessa hits you with a +0 short sword.
Duvessa hits you with a +0 short sword!
* * * LOW HITPOINT WARNING * * *
Duvessa attacks as you move away! Duvessa hits you with a +0 short sword!
* * * LOW HITPOINT WARNING * * *
Your body deteriorates!
You feel weakened. Duvessa hits you with a +0 short sword.
* * * LOW HITPOINT WARNING * * *
Unknown command.
You feel much better. Duvessa hits you with a +0 short sword.
Duvessa hits you but does no damage. Duvessa hits you but does no damage.
There is a stone staircase leading up here.
You are too injured to fight recklessly!
Unknown command.
You shoot an arrow. The arrow hits Duvessa.
Duvessa is severely wounded.
Duvessa closely misses you. Duvessa hits you with a +0 short sword.
Unknown command.
Unknown command.
You shoot an arrow.
The arrow hits Duvessa but does no damage.
Duvessa is severely wounded.
Duvessa hits you with a +0 short sword!
* * * LOW HITPOINT WARNING * * *
Duvessa misses you.
Unknown command.
Unknown command.
You shoot an arrow. The arrow closely misses Duvessa.
Duvessa hits you with a +0 short sword!
You die...

#.........#..#####...
#.........#......#...
+.........#......####
###.........#..##..'.>.
#.....########'##..#...
#....e# #.....######..
#.....# #.....##..##..
#....e#######..##...#..
########....@.....##'##..##..
#<.....'..........#..'†..##..
#......#..........#..##..##..
##.##..#..........#'###..##..
###########+###≈≈≈...#......
#.....~~≈≈≈..#......
#.......∩≈≈..#..####
####..~≈≈≈≈..#..##..
#..#≈≈≈####......


You could see Duvessa (fast) and Dowan.

Vanquished Creatures
  A scorpion (D:3)
  An iguana (D:4)
  An orc wizard (D:3)
  A gnoll (D:1)
  4 adders
  A worm (D:2)
  3 dart slugs
  5 orcs (D:3)
  6 bats
  7 endoplasms
  A giant cockroach (D:1)
  5 goblins
  2 hobgoblins
  9 jackals
  5 quokkas
  4 ball pythons
  4 frilled lizards
  4 kobolds
  9 rats
73 creatures vanquished.

Notes
Turn   | Place    | Note
-------+----------+-------------------------------------------
     0 | D:1      | cforsyth the Barachi Hunter began the quest for the Orb.
     0 | D:1      | Reached XP level 1. HP: 17/17 MP: 1/1
   148 | D:1      | Found a faded altar of an unknown god.
   150 | D:1      | Reached XP level 2. HP: 23/23 MP: 2/2
   277 | D:1      | Reached XP level 3. HP: 29/29 MP: 3/3
   744 | D:2      | Found a radiant altar of Vehumet.
  1102 | D:2      | Reached XP level 4. HP: 30/37 MP: 4/4
  1770 | D:3      | Reached skill level 5 in Ranged Weapons
  1801 | D:3      | Reached XP level 5. HP: 29/43 MP: 5/5
  2325 | D:3      | Reached skill level 5 in Fighting
  2326 | D:3      | Gained mutation: Your body sometimes deteriorates upon
                  | taking damage. [potion of mutation]
  2326 | D:3      | Gained mutation: You have a pair of small antennae on your
                  | head. [potion of mutation]
  2411 | D:3      | Found a radiant altar of Vehumet.
  2418 | D:3      | Found an ancient bone altar of Kikubaaqudgha.
  2420 | D:3      | Found a shimmering blue altar of Sif Muna.
  2425 | D:3      | Got Sif Muna's Cyclopedia of Displacement
  2571 | D:4      | Reached XP level 6. HP: 51/51 MP: 6/6
  2571 | D:4      | Found Ysheh's Antique Armour Emporium.
  2685 | D:4      | Noticed Duvessa
  2685 | D:4      | Noticed Dowan
  2814 | D:4      | HP: 2/51 [Duvessa/+0 short sword (9)]
  2820 | D:4      | Slain by Duvessa

Illustrated notes

Levels and vault maps discovered:
D:1:      onia_arrival_handbag, layout_basic,
          ebering_ecumenical_altar_petrified, minmay_cut_off
D:2:      minmay_chambers_of_ones, layout_loops_corners, serial_rivers,
          chequers_serial_rivers_room_b, chequers_serial_rivers_large_a,
          chequers_serial_rivers_micro_a, chequers_serial_rivers_marsh,
          basic_altar
D:3:      layout_loops_ring, grunt_temple_overflow_magic_moments
D:4:      layout_gridville, lightli_temple_of_fire, serial_shops,
          nicolae_shop_waterfront, uniq_crazy_yiuf_cottage, uniq_duvessa

Skill      XL: |  1  2  3  4  5 |
---------------+----------------+-----
Fighting       | 3 4 5 |  5.5
Ranged Weapons | 5 |  5.7
Dodging        | |  2.1
Stealth        | |  0.8

Action                     |  1- 3 |  4- 6 || total
---------------------------+-------+-------++-------
   Fire: Shortbow          |    83 |   133 ||   216
Ability: Hop               |     1 |       ||     1
    Use: Potion            |       |     4 ||     4
 Armour: Leather armour    |     5 |    22 ||    27
  Dodge: Dodged            |    16 |    51 ||    67

Table legend: (Time is in decaauts)
 A = Elapsed time spent in this place.
 B = Non-inter-level travel time spent in this place.
 C = Inter-level travel time spent in this place.
 D = Time resting spent in this place.
 E = Time spent auto-exploring this place.
 F = Levels seen in this place.
 G = Mean time per level.
                   A        B        C        D        E       F      G
               +--------+--------+--------+--------+--------+-----+--------+
         Total |   3319 |   3220 |     99 |    141 |   2553 |   4 |  829.8 |
       Dungeon |   3319 |   3220 |     99 |    141 |   2553 |   4 |  829.8 |
               +--------+--------+--------+--------+--------+-----+--------+

Top non-repeatable levels by time:
     D:2: 1078 daAuts
     D:3: 1074 daAuts
     D:1: 872 daAuts
     D:4: 295 daAuts
